 Dungeon Crawl Stone Soup version 0.25.1-11-g244df3a29b (webtiles) character file.

Game seed: 2210798756122234920

81 nerdsy the Ruffian (level 4, -3/40 HPs)
             Began as a Troll Transmuter on Dec 31, 2022.
             Slain by Crazy Yiuf
             ... wielding a +2 quarterstaff of chaos
              (6 damage)
             ... on level 3 of the Dungeon on Jan 1, 2023.
             The game lasted 00:19:09 (2602 turns).

nerdsy the Ruffian (Troll Transmuter)               Turns: 2602, Time: 00:19:10

Health: -3/40      AC:  6    Str: 18    XL:     4   Next: 20%
Magic:  4/5        EV: 10    Int: 10    God:
Gold:   223        SH:  0    Dex: 10    Spells: 5/6 levels left

rFire    . . .     SeeInvis .   h - +0 short sword
rCold    . . .     Gourm    +   (no shield)
rNeg     . . .     Faith    .   b - +0 robe
rPois    .         Spirit   .   (helmet restricted)
rElec    .         Reflect  .   (no cloak)
rCorr    .         Harm     .   (gloves unavailable)
MR       .....                  (boots unavailable)
Stlth    +.........             (no amulet)
HPRegen  0.53/turn              i - ring of wizardry
MPRegen  0.09/turn              (no ring)

@: lethally poisoned (-3 -> -3), appendage (expiring), slowed, lightly drained,
very slow
A: large, unfitting armour, claws 3, horns 2, fast metabolism 3, gourmand,
regeneration 1, shaggy fur 1, tough skin 3
a: End Transformation


You were on level 3 of the Dungeon.
You were very full.
You had grown temporary horns.
You visited 1 branch of the dungeon, and saw 3 of its levels.

You collected 223 gold pieces.

Inventory:

Hand Weapons
 g - a +1 club
 h - a +0 short sword (weapon)
Missiles
 a - 62 arrows
 c - 9 bolts
 e - 131 stones (quivered)
Armour
 b - a +0 robe (worn)
Jewellery
 i - a ring of wizardry (left claw)
Scrolls
 f - a scroll of fear
 j - 3 scrolls of identify
 k - 2 scrolls of remove curse
 m - 2 scrolls of blinking {unknown}
 n - a scroll of fog
 r - 2 scrolls of enchant weapon
 t - a scroll of random uselessness {unknown}
Potions
 l - a potion of curing {unknown}
 p - a potion of lignification {unknown}
 q - a potion of haste {unknown}
 s - a potion of heal wounds {unknown}
Comestibles
 d - 9 rations
 o - 5 chunks of flesh


   Skills:
 + Level 0.8(0.5) Fighting
 + Level 0.2(0.0) Short Blades
 + Level 1.1(0.8) Maces & Flails
 + Level 2.0(1.7) Dodging
 + Level 3.8(3.5) Unarmed Combat
 + Level 1.5(1.2) Spellcasting
 + Level 1.9(1.6) Transmutations


You had 5 spell levels left.
You knew the following spells:

 Your Spells              Type           Power        Failure   Level  Hunger
a - Beastly Appendage     Tmut           #.....       7%          1    ##.....

Your spell library contained the following spells:

 Spells                   Type           Power        Failure   Level  Hunger
 Sticks to Snakes         Tmut           #.......     11%         2    ###....
 Spider Form              Tmut/Pois      #.........   28%         3    ####...
 Ice Form                 Ice/Tmut       #.......     65%         4    #####..
 Blade Hands              Tmut           #.........   86%         5    ######.


Dungeon Overview and Level Annotations

Branches:
Dungeon (3/15)

Altars:
Wu Jian
Xom

Annotations:
D:3 Crazy Yiuf


Innate Abilities, Weirdness & Mutations

You are too large for most types of armour.
You have claws for hands.
Your metabolism is lightning-fast.
You like to eat raw meat.
Your natural rate of healing is unusually fast.
You are covered in fur. (AC +1)
You have extremely tough skin. (AC +3)
You have a pair of horns on your head.


Message History

You barely miss Crazy Yiuf.
Crazy Yiuf is heavily wounded.
Your transformation is almost over.
Crazy Yiuf hits you with a +2 quarterstaff of chaos.
Crazy Yiuf draws strength from your wounds!
You hit Crazy Yiuf.
Crazy Yiuf is severely wounded.
You feel sick.
Crazy Yiuf hits you with a +2 quarterstaff of chaos!
* * * LOW HITPOINT WARNING * * *
Crazy Yiuf hits you with a +2 quarterstaff of chaos.
* * * LOW HITPOINT WARNING * * *
You feel drained.
You hit Crazy Yiuf. You headbutt Crazy Yiuf.
Crazy Yiuf is almost dead.
You feel sick. Crazy Yiuf barely misses you.
You barely miss Crazy Yiuf.
Crazy Yiuf is almost dead.
Crazy Yiuf hits you with a +2 quarterstaff of chaos.
You die...

#....####....#####..
##..## #.......##..
♣....♣ #.....#>...#
♣...♣♣ #.....##....
♣♣.♣♣ #........#..
♣.♣♣ #.....####.#
♣♣.♣ #....#####.#
♣.♣♣ #...## #....
♣♣@♣ ##.## #.... #g#
#..# #.... ... #.##
###.. #...# ### #...
#..)# ### ##.#[
##### #.# ####....
#.###.....÷.
#.....≈≈≈≈≈.
#...≈≈≈≈≈≈≈≈


You could see Crazy Yiuf.

Vanquished Creatures
  A gnoll (D:1)
  A worm (D:2)
  A dart slug (D:2)
  2 leopard geckos
  2 orcs
  5 ball pythons
  4 giant cockroaches
  7 goblins
  6 hobgoblins
  7 kobolds
  2 quokkas (D:3)
  8 bats
  5 frilled lizards
  12 rats
63 creatures vanquished.

Notes
Turn   | Place    | Note
-------+----------+-------------------------------------------
     0 | D:1      | nerdsy the Troll Transmuter began the quest for the Orb.
     0 | D:1      | Reached XP level 1. HP: 18/18 MP: 1/1
    61 | D:1      | Reached XP level 2. HP: 20/26 MP: 0/3
   983 | D:2      | Reached XP level 3. HP: 32/32 MP: 4/4
  1530 | D:2      | Found an ornate altar of the Wu Jian Council.
  1882 | D:3      | Reached skill level 1 in Maces & Flails
  1976 | D:3      | Found a shimmering altar of Xom.
  2121 | D:3      | Found a runed translucent door.
  2122 | D:3      | Noticed Crazy Yiuf
  2176 | D:3      | Reached XP level 4. HP: 36/40 MP: 3/5
  2602 | D:3      | Slain by Crazy Yiuf

Illustrated notes

Levels and vault maps discovered:
D:1:      dpeg_arrival_connections, layout_basic, chequers_hall_statues_corner_a
D:2:      layout_basic, lemuel_coloured_pillars_altar, minmay_bisected
D:3:      layout_rooms, lemuel_altar_in_water, uniq_crazy_yiuf_cottage

Skill      XL: |  1  2  3  4 |
---------------+-------------+-----
Maces & Flails | 1 |  1.1
Dodging        | 2 |  2.0
Fighting       | |  0.8
Short Blades   | |  0.2
Unarmed Combat | |  3.8
Spellcasting   | |  1.5
Transmutations | |  1.9

Action                   |  1- 3 |  4- 6 || total
-------------------------+-------+-------++-------
Melee: Unarmed           |    33 |       ||    33
       Club              |   158 |    34 ||   192
       Kick              |     1 |       ||     1
       Headbutt          |     5 |     3 ||     8
       Short sword       |     2 |    14 ||    16
       Punch             |     2 |       ||     2
 Cast: Beastly Appendage |    14 |     2 ||    16
  Use: Scroll            |     6 |       ||     6
  Eat: Chunk             |    26 |     4 ||    30
Armor: Robe              |   130 |    25 ||   155
Dodge: Dodged            |   182 |    49 ||   231
